 Dungeon Crawl Stone Soup version 0.31-a0-277-g31ea1f65cc (webtiles) character file.

Game seed: 3495666050920995000

7929 Newt the Thaumaturge (level 11, -9/77 HPs)
             Began as a Demonspawn Gladiator on July 15, 2023.
             Mangled by a seven-headed hydra (12 damage)
             ... on level 2 of the Lair of Beasts.
             The game lasted 00:13:46 (9716 turns).

Newt the Thaumaturge (Demonspawn Gladiator)         Turns: 9716, Time: 00:13:46

Health: -9/77      AC:  8    Str: 17    XL:     11   Next: 3%
Magic:  32/35      EV: 14    Int: 19    God:
Gold:   495        SH:  0    Dex: 15    Spells: 28/32 levels left

rFire   . . .        i - +4 short sword
rCold   . . .        (no shield)
rNeg    . . .        b - +0 leather armour
rPois   .            c - +0 helmet
rElec   .            y - +0 cloak
rCorr   .            (no gloves)
SInv    .            k - +2 pair of boots
Will    .....        (no amulet)
Stlth   +            l - ring of magical power
HPRegen 0.32/turn    r - +6 ring of intelligence
MPRegen 0.24/turn

%: no passive effects
@: very slow
A: hooves 2, powered by death 1, big brain 1, demonic magic 3
a: no special abilities


You were on level 2 of the Lair of Beasts.
You visited 3 branches of the dungeon, and saw 10 of its levels.

You collected 495 gold pieces.

Inventory:

Hand Weapons
 a - a +0 rapier
 i - a +4 short sword (weapon)
 p - a +2 dagger of protection
Missiles
 d - 2 throwing nets
 e - a javelin
 h - 8 boomerangs
Armour
 b - a +0 leather armour (worn)
 c - a +0 helmet (worn)
 k - a +2 pair of boots (worn)
 y - a +0 cloak (worn)
Jewellery
 l - a ring of magical power (left hand)
 r - a +6 ring of intelligence (right hand)
 s - a ring of fire
 B - a ring of magical power
 C - a ring of poison resistance
Wands
 m - a wand of flame (10)
 x - a wand of digging (1)
Scrolls
 f - 2 scrolls of revelation
 q - 2 scrolls of teleportation
 t - 2 scrolls of poison
 w - a scroll of silence
Potions
 g - 2 potions of mutation
 j - 5 potions of curing
 n - a potion of might
 o - 2 potions of attraction
 u - a potion of brilliance
 v - a potion of resistance {unknown}
 z - 2 potions of heal wounds {unknown}
 A - a potion of cancellation {unknown}


   Skills:
 - Level 4.0 Fighting
 - Level 6.0 Short Blades
 - Level 3.3 Throwing
 - Level 6.0 Dodging
 + Level 11.3 Spellcasting
 - Level 4.9 Necromancy
 - Level 5.0 Evocations


You had 28 spell levels left.
You knew the following spells:

 Your Spells              Type           Power      Damage    Failure   Level
a - Necrotise             Necr           100%       1d9       1%          1
b - Vampiric Draining     Necr           29%        2d8       3%          3

Your spell library contained the following spells:

 Spells                   Type           Power      Damage    Failure   Level
 Sandblast                Erth           20%        2d7       9%          1
 Shock                    Conj/Air       40%        1d5       9%          1
 Passwall                 Tmut/Erth      8%         N/A       12%         2
 Stone Arrow              Conj/Erth      20%        3d8       24%         3
 Swiftness                Air            10%        N/A       24%         3
 Tukima's Dance           Hex            10%        N/A       24%         3
 Vhi's Electric Charge    Tloc/Air       20%        N/A       24%         3
 Agony                    Necr           29%        N/A       28%         5
 Airstrike                Air            5%         2d(1-17)  63%         4
 Animate Armour           Summ/Erth      20%        N/A       63%         4
 Passage of Golubria      Tloc           10%        N/A       63%         4
 Summon Lightning Spire   Summ/Air       10%        N/A       63%         4
 Arcjolt                  Conj/Air       5%         1d15      92%         5
 Lee's Rapid Deconstruct  Erth           5%         3d6*      92%         5
 Yara's Violent Unravell  Hex/Tmut       5%         3d4       92%         5
 Plasma Beam              Fire/Air       5%         2x1d15    100%        6


Dungeon Overview and Level Annotations

Branches:
Dungeon (8/15)             Temple (1/1) D:6            Lair (2/5) D:8
  Swamp: Lair:2-3    Shoals: Lair:2-3     Snake: Lair:2-3    Spider: Lair:2-3

Altars:
Ashenzari
Cheibriados
Dithmenos
Gozag
Hepliaklqana
Nemelex Xobeh
Ru
Uskayaw
Vehumet
Xom
Yredelemnul

Shops:
D:4 :

Annotations:
D:6 1 runed translucent door


Innate Abilities, Weirdness & Mutations

You have hoof-like feet.
You regenerate a little health from kills.
You have an unusually large brain. (Int +2)
Spells you cast and wands you use may paralyse nearby enemies.


Message History

The seven-headed hydra misses you. The seven-headed hydra bites you!
The seven-headed hydra closely misses you.
The seven-headed hydra barely misses you.
The seven-headed hydra bites you but does no damage.
The seven-headed hydra resists with significant effort.
Malevolent energies surge around you.
Splash!
You fall into the shallow water.
Moving in this stuff is going to be slow.
The seven-headed hydra bites you but does no damage.
The seven-headed hydra bites you! The seven-headed hydra misses you.
The seven-headed hydra bites you but does no damage.
The seven-headed hydra misses you. The seven-headed hydra bites you!
The seven-headed hydra bites you but does no damage.
The seven-headed hydra writhes in agony.
Malevolent energies surge around you.
The water nymph points at you and mumbles some strange words.
The water swirls and strikes you! The seven-headed hydra bites you.
* * * LOW HITPOINT WARNING * * *
The seven-headed hydra misses you.
The seven-headed hydra completely misses you.
The seven-headed hydra closely misses you.
The seven-headed hydra bites you!
* * * LOW HITPOINT WARNING * * *
The seven-headed hydra bites you.
* * * LOW HITPOINT WARNING * * *
The seven-headed hydra bites you.
* * * LOW HITPOINT WARNING * * *
Okay, then.
Okay, then.
Okay, then.
Aiming: Necrotise (safe; 1% risk of failure)
Press: ? - help, Q - select action, (/) - cycle Shift-Dir - straight line, f/p - seven-headed hydra
Aim: a seven-headed hydra (lightly wounded, chance to affect: 52%)
The seven-headed hydra resists with significant effort.
Malevolent energies surge around you. The water nymph misses you.
The seven-headed hydra closely misses you.
The seven-headed hydra bites you!
You die...

...............
................
#................
#................
#................
.................
.................
.......~~@....#.
#.....~mD.....#
##...#~~#....##
#..#~~~##...# #
##~~~##..#
~~~~~~~..#
.~.~~~.~...#
##~~.~~.....#
##~~~#.#..


You could see a seven-headed hydra and a water nymph.

Vanquished Creatures
  A black mamba (Lair:1)
  A cane toad (Lair:1)
  2 komodo dragons (Lair:1)
  2 blink frogs (Lair:1)
  Grinder (D:3)
  Prince Ribbit (Lair:1)
  A wyvern (D:8)
  2 basilisks (Lair:1)
  19 yaks
  3 water moccasins
  2 ice beasts (D:7)
  A black bear (D:6)
  An ogre (D:4)
  3 wolves (Lair:1)
  9 bullfrogs
  3 kobold brigands
  4 killer bees (D:7)
  4 electric eels (Lair:1)
  A hound (D:6)
  A gnoll bouda (D:8)
  3 orc priests
  A jelly (D:6)
  A sleepcap (D:7)
  Natasha (twice) (D:3)
  7 orc wizards
  12 gnolls
  Robin (D:2)
  3 adders
  3 worms
  2 dart slugs
  19 orcs
  6 endoplasms
  4 giant cockroaches
  15 goblins
  7 hobgoblins
  4 jackals (D:4)
  2 quokkas (D:1)
  3 ball pythons
  6 bats
  4 frilled lizards
  A goblin zombie (D:6)
  A jackal skeleton (D:6)
  23 kobolds
  6 rats
198 creatures vanquished.

Vanquished Creatures (collateral kills)
  A yak (Lair:1)
1 creature vanquished.

Grand Total: 199 creatures vanquished

Notes
Turn   | Place    | Note
-------+----------+-------------------------------------------
     0 | D:1      | Newt the Demonspawn Gladiator began the quest for the Orb.
     0 | D:1      | Reached XP level 1. HP: 16/16 MP: 1/1
    88 | D:1      | Gained mutation: Spells you cast may paralyse adjacent
                  | enemies. [demonic ancestry]
    88 | D:1      | Reached XP level 2. HP: 13/22 MP: 2/2
   759 | D:2      | Noticed Robin
   770 | D:1      | Gained mutation: You have large cloven feet. [demonic
                  | ancestry]
   770 | D:1      | Reached XP level 3. HP: 22/28 MP: 3/3
  1375 | D:2      | Killed Robin
  1470 | D:2      | Gained mutation: Spells you cast may paralyse nearby
                  | enemies. [demonic ancestry]
  1470 | D:2      | Reached XP level 4. HP: 22/34 MP: 4/4
  2508 | D:3      | Gained mutation: You have an unusually large brain. (Int
                  | +2) [demonic ancestry]
  2508 | D:3      | Reached XP level 5. HP: 41/41 MP: 5/5
  2638 | D:3      | Noticed Grinder
  2650 | D:3      | Killed Grinder
  2651 | D:3      | Gained mutation: Spells you cast and wands you use may
                  | paralyse nearby enemies. [demonic ancestry]
  2651 | D:3      | Reached XP level 6. HP: 27/48 MP: 6/6
  2825 | D:3      | Learned a level 1 spell: Necrotise
  3036 | D:3      | Noticed Natasha
  3046 | D:3      | Killed Natasha
  3113 | D:3      | Noticed Natasha
  3121 | D:3      | Killed Natasha
  3265 | D:4      | Found Pucvoninn's Book Shop.
  3270 | D:4      | Reached skill level 1 in Necromancy
  3396 | D:4      | Reached skill level 1 in Spellcasting
  3430 | D:4      | Reached XP level 7. HP: 50/54 MP: 9/9
  3463 | D:4      | You fall into a shaft and drop 2 floors!
  3487 | D:6      | Reached skill level 2 in Spellcasting
  3842 | D:6      | Reached skill level 3 in Spellcasting
  4115 | D:6      | Found a runed translucent door.
  4115 | D:6      | Noticed a human
  4122 | D:6      | Found a basalt altar of Yredelemnul.
  4190 | D:6      | Found a staircase to the Ecumenical Temple.
  4240 | Temple   | Entered the Ecumenical Temple
  4993 | D:7      | Gained mutation: You have hoof-like feet. [demonic
                  | ancestry]
  4993 | D:7      | Reached XP level 8. HP: 41/60 MP: 13/13
  5090 | D:7      | Reached skill level 4 in Spellcasting
  5134 | D:7      | Reached skill level 5 in Dodging
  5350 | D:7      | Learned a level 3 spell: Vampiric Draining
  5661 | D:7      | Found a broken altar of Ashenzari.
  5678 | D:7      | Reached skill level 5 in Short Blades
  5704 | D:7      | Found a sparkling altar of Nemelex Xobeh.
  6204 | D:8      | Found a radiant altar of Vehumet.
  6216 | D:8      | Found a staircase to the Lair.
  6231 | D:8      | Reached skill level 1 in Evocations
  6231 | D:8      | Gained mutation: You regenerate a little health from kills.
                  | [demonic ancestry]
  6231 | D:8      | Reached XP level 9. HP: 48/65 MP: 15/15
  6373 | D:8      | Found an opulent altar of Gozag.
  6416 | D:8      | Reached skill level 5 in Evocations
  6700 | D:8      | Reached skill level 5 in Spellcasting
  7090 | Lair:1   | Entered Level 1 of the Lair of Beasts
  7145 | Lair:1   | Reached skill level 6 in Spellcasting
  7157 | Lair:1   | Reached skill level 7 in Spellcasting
  7484 | Lair:1   | Noticed a komodo dragon
  7497 | Lair:1   | Killed a komodo dragon
  7498 | Lair:1   | Reached XP level 10. HP: 52/71 MP: 18/21
  7757 | Lair:1   | Noticed a cane toad
  7763 | Lair:1   | Killed a cane toad
  7764 | Lair:1   | Reached skill level 8 in Spellcasting
  7891 | Lair:1   | Reached skill level 9 in Spellcasting
  7963 | Lair:1   | Noticed a black mamba
  7973 | Lair:1   | Killed a black mamba
  8219 | Lair:1   | Reached skill level 10 in Spellcasting
  8271 | Lair:1   | HP: 2/71 [electric eel/bolt of electricity (8)]
  9048 | Lair:1   | Noticed Prince Ribbit
  9052 | Lair:1   | Killed Prince Ribbit
  9071 | Lair:1   | Reached skill level 11 in Spellcasting
  9095 | Lair:1   | Reached XP level 11. HP: 36/77 MP: 24/26
  9710 | Lair:2   | Noticed a seven-headed hydra
  9715 | Lair:2   | HP: 3/77 [seven-headed hydra (4)]
  9716 | Lair:2   | Mangled by a seven-headed hydra

Illustrated notes

Levels and vault maps discovered:
D:1:      amcnicky_arrival_blooded_trapdoor, layout_rooms
D:2:      layout_loops_ring, uniq_robin
D:3:      layout_rooms, chequers_big_river, uniq_natasha, uniq_grinder
D:4:      gammafunk_wand_slinger, layout_rooms, nicolae_overflow_hidden_temple,
          nicolae_stop_n_shop_1
D:6:      layout_basic, dk_yredelemnul_ordeal, minmay_temple_entry_water_ring
D:7:      layout_loops_ring, minitemple
D:8:      layout_rooms, pdpol_temple_overflow_zin_treasury_gozag_greed,
          overflow_temple_1_default, lair_entry_dummy
Temple:   hellmonk_temple_two_chambers
Lair:1:   layout_roguey, disabler_island, uniq_prince_ribbit2
Lair:2:   lemuel_ratsnest, layout_regular_city, nicolae_shoals_entry_flooding,
          nicolae_snake_entry_squirm, forest_entry_grove

Skill      XL: |  1  2  3  4  5  6  7  8  9 10 |
---------------+-------------------------------+-----
Throwing       | 2 3 |  3.3
Dodging        | 3 4 6 |  6.0
Short Blades   | 3 4 6 |  6.0
Fighting       | 3 4 |  4.0
Necromancy     | 2 4 |  4.9
Spellcasting   | 1 3 4 7 11 | 11.3
Evocations     | 1 5 |  5.0

Action                     |  1- 3 |  4- 6 |  7- 9 | 10-12 || total
---------------------------+-------+-------+-------+-------++-------
  Melee: Rapier            |    32 |       |       |       ||    32
         Short sword       |    80 |   141 |   295 |    70 ||   586
         Kick              |    12 |    21 |       |       ||    33
         Punch             |     1 |       |     4 |     1 ||     6
  Throw: Javelin           |     1 |       |       |       ||     1
         Throwing net      |       |     1 |       |       ||     1
   Cast: Necrotise         |       |     5 |    75 |    75 ||   155
         Vampiric Draining |       |       |    14 |       ||    14
  Evoke: Wand              |       |       |       |     6 ||     6
    Use: Scroll            |       |     5 |     6 |     1 ||    12
         Potion            |       |     1 |       |       ||     1
   Stab: Sleeping          |       |     1 |       |       ||     1
         Paralysed         |       |     5 |    70 |    48 ||   123
 Armour: Leather armour    |    47 |    16 |    85 |    14 ||   162
  Dodge: Dodged            |    96 |    66 |   220 |    46 ||   428

Table legend: (Time is in decaauts)
 A = Elapsed time spent in this place.
 B = Non-inter-level travel time spent in this place.
 C = Inter-level travel time spent in this place.
 D = Time resting spent in this place.
 E = Time spent auto-exploring this place.
 F = Levels seen in this place.
 G = Mean time per level.
                   A        B        C        D        E       F      G
               +--------+--------+--------+--------+--------+-----+--------+
         Total |   9613 |   9395 |    218 |   3731 |   4312 |  10 |  961.3 |
       Dungeon |   6998 |   6813 |    185 |   2303 |   3476 |   7 |  999.7 |
        Temple |     17 |     12 |      5 |      0 |     11 |   1 |   17.0 |
          Lair |   2596 |   2569 |     27 |   1428 |    825 |   2 | 1298.0 |
               +--------+--------+--------+--------+--------+-----+--------+

Top non-repeatable levels by time:
  Lair:1: 2582 daAuts
     D:7: 1495 daAuts
     D:1: 1350 daAuts
     D:6: 1118 daAuts
     D:3: 972 daAuts
     D:8: 944 daAuts
     D:2: 924 daAuts
     D:4: 192 daAuts
  Temple: 17 daAuts
  Lair:2: 14 daAuts
